 Dungeon Crawl Stone Soup version 0.21.1-1-g345015fe64 (webtiles) character file.

8544 PikkenKukken the Spear-Bearer (level 11, 0/86 HPs)
             Began as a Demonspawn Berserker on June 5, 2018.
             Was an Elder of Trog.
             Succumbed to an orc warrior's poison
             ... on level 9 of the Dungeon.
             The game lasted 00:37:21 (10934 turns).

PikkenKukken the Spear-Bearer (DsBe)               Turns: 10934, Time: 00:37:21

Health: 0/86       AC: 25    Str: 18    XL:     11   Next: 11%
Magic:  11/11      EV: 12    Int: 16    God:    Trog [****..]
Gold:   577        SH:  3    Dex: 19    Spells: 10/10 levels left

rFire    . . .     SeeInvis .   a - +8 halberd (venom)
rCold    + . .     Gourm    .   (shield currently unavailable)
rNeg     . . .     Faith    .   k - +0 plate armour
rPois    .         Spirit   .   d - +0 helmet
rElec    .         Reflect  +   (no cloak)
rCorr    +         Harm     .   I - +0 pair of gloves
MR       ++...                  H - +2 pair of boots
Stlth    +.........             y - +3 amulet of reflection
HPRegen  1.24/turn              A - +6 ring of intelligence
MPRegen  0.12/turn              C - ring of resist corrosion

@: agile, lethally poisoned (0 -> -4), sanguine armour, regenerating
A: hooves 2, cold resistance 1, nightstalker 2, powered by pain 2, sanguine
armour 1
a: Berserk, Trog's Hand, Brothers in Arms, Burn Spellbooks, Renounce Religion


You were on level 9 of the Dungeon.
You worshipped Trog.
Trog was greatly pleased with you.
You were hungry.

You visited 2 branches of the dungeon, and saw 10 of its levels.
You also visited: Ossuary and Bailey.

You collected 801 gold pieces.
You spent 224 gold pieces at shops.

Inventory:

Hand Weapons
 a - a +8 halberd of venom (weapon)
 b - a +0 hunting sling
 J - a +3 antimagic glaive
Missiles
 j - 103 arrows
 o - 304 stones (quivered)
Armour
 d - a +0 helmet (worn)
 k - a +0 plate armour (worn)
 q - a +2 leather armour of fire resistance
 H - a +2 pair of boots (worn)
 I - a +0 pair of gloves (worn)
Jewellery
 y - a +3 amulet of reflection (around neck)
 A - a +6 ring of intelligence (left hand)
 C - a ring of resist corrosion (right hand)
 G - an uncursed ring of poison resistance
 M - an uncursed ring of stealth {unknown}
Wands
 p - a wand of acid (24)
 F - a wand of polymorph (16)
 K - a wand of flame (14)
Scrolls
 e - 12 scrolls of identify
 i - 3 scrolls of teleportation
 l - a scroll of noise {unknown}
 m - a scroll of remove curse
 s - 2 scrolls of magic mapping
 w - 5 scrolls of enchant armour
 L - a scroll of blinking
Potions
 f - 2 potions of haste
 g - a potion of brilliance
 h - 12 potions of curing
 n - 2 potions of invisibility
 r - 2 potions of cancellation
 u - a potion of experience {unknown}
 v - a potion of might
 x - 2 potions of flight {unknown}
 z - a potion of mutation {unknown}
 B - 2 potions of magic {unknown}
 E - a potion of berserk rage {unknown}
Comestibles
 c - 14 rations


   Skills:
 + Level 8.2 Fighting
 + Level 11.6 Polearms
 + Level 1.7 Slings
 + Level 8.1 Armour
 + Level 2.7 Dodging
 - Level 0.7 Stealth


You had 10 spell levels left.
You didn't know any spells.

Dungeon Overview and Level Annotations

Branches:
Dungeon (9/15)             Temple (0/1) D:5             Orc (1/2) D:9
   Lair: D:8-11

Altars:
Dithmenos
Fedhas
Kikubaaqudgha
Nemelex Xobeh
Okawaru
Qazlal
Uskayaw
Vehumet
Xom
Yredelemnul
Zin
The Shining One

Shops:
D:4 (   D:8 *


Innate Abilities, Weirdness & Mutations

You have hoof-like feet.
Your flesh is cold resistant. (rC+)
You are significantly more attuned to the shadows.
You sometimes gain power by taking damage.
When seriously injured, your bleeding wounds create armour. (AC +6)


Message History

You feel sick.
You slash the orc warrior!
The orc warrior looks as sick as possible!
The orc warrior is almost dead.
You feel sick. The orc hits you but does no damage.
The orc warrior hits you with a glaive of venom!!
* * * LOW HITPOINT WARNING * * *
You focus on the pain.
You feel agile all of a sudden.
You are more poisoned.
Your skin crawls.
You feel resistant to hostile enchantments.
You are feeling hungry.
Trog will no longer gift you weapons.
* * * LOW HITPOINT WARNING * * *
You feel sick.
You kill the orc warrior!
Trog accepts your kill. The orc barely misses you.
You die...

###......................
##..#....................
#.##.....................
####<#...................
###...................
####......)..........
####.#o.................
#.##...>)....[#####....#
##.#...[@[.....# #.....
#..#..........[# #.....
##.............# #.....
##.............#####.....
#.#(.....................
#....#...................
#.##.#...................
#.###....................
###......................


You could see an orc.

Vanquished Creatures
  2 two-headed ogres
  4 orc knights (Bailey)
  A cyclops (D:8)
  Grinder (D:3)
  2 hippogriffs
  A spriggan (D:7)
  A hungry ghost (D:7)
  A water moccasin (D:8)
  12 orc warriors
  A hornet zombie (D:6)
  An ice beast (D:8)
  2 sky beasts
  2 ogres
  2 phantoms (D:4)
  7 bullfrogs
  A wyvern zombie (D:8)
  2 water moccasin zombies (Ossuary)
  A water moccasin skeleton (D:8)
  5 howler monkeys
  A bullfrog zombie (D:7)
  3 crimson imps
  4 hounds
  3 orc priests
  A jelly (D:5)
  2 bullfrog skeletons
  A centaur skeleton (D:4)
  3 iguanas
  Natasha (thrice) (D:2)
  4 orc wizards
  6 worker ants
  Terence (D:3)
  A killer bee zombie (D:5)
  5 big kobold zombies (Ossuary)
  A hound zombie (D:8)
  2 mummies (Ossuary)
  2 worker ant zombies (D:7)
  A howler monkey skeleton (D:4)
  2 gnolls (D:7)
  11 adders
  9 adder zombies
  3 adder skeletons
  2 worms (D:2)
  4 dart slugs
  5 leopard geckos
  55 orcs
  2 ball pythons
  11 bats
  9 giant cockroaches
  9 goblins
  8 hobgoblins
  3 jackals (D:4)
  5 quokkas
  8 frilled lizards
  3 gnoll zombies
  5 hobgoblin zombies (Ossuary)
  8 kobolds
  3 kobold zombies (Ossuary)
  4 orc zombies (Ossuary)
  A quokka skeleton (D:8)
  9 rats
272 creatures vanquished.

Vanquished Creatures (collateral kills)
  A centaur zombie (D:6)
  2 orc priests (D:6)
3 creatures vanquished.

Grand Total: 275 creatures vanquished

Notes
Turn   | Place    | Note
-------+----------+-------------------------------------------
     0 | D:1      | PikkenKukken the Demonspawn Berserker began the quest for the Orb.
     0 | D:1      | Reached XP level 1. HP: 18/18 MP: 1/1
   158 | D:1      | Gained mutation: You sometimes gain a little power by taking damage. [demonic ancestry]
   158 | D:1      | Reached XP level 2. HP: 21/24 MP: 2/2
   688 | D:2      | Reached skill level 3 in Polearms
  1002 | D:2      | Reached XP level 3. HP: 29/29 MP: 3/3
  1034 | D:2      | Reached ** piety under Trog
  1044 | D:2      | Noticed Natasha
  1058 | D:2      | Killed Natasha
  1499 | D:2      | Gained mutation: You have large cloven feet. [demonic ancestry]
  1499 | D:2      | Reached XP level 4. HP: 31/36 MP: 4/4
  1556 | D:2      | Noticed Natasha
  1562 | D:2      | Killed Natasha
  1562 | D:2      | Reached skill level 4 in Polearms
  1887 | D:2      | Noticed Natasha
  1891 | D:2      | Killed Natasha
  2244 | D:3      | Gained mutation: You sometimes gain power by taking damage. [demonic ancestry]
  2244 | D:3      | Reached XP level 5. HP: 42/42 MP: 5/5
  2307 | D:3      | Reached *** piety under Trog
  2601 | D:3      | Noticed Grinder
  2609 | D:3      | Killed Grinder
  2609 | D:3      | Reached skill level 5 in Polearms
  2609 | D:3      | Reached skill level 1 in Slings
  2609 | D:3      | Gained mutation: When seriously injured, your bleeding wounds create armour. (AC +6) [demonic ancestry]
  2609 | D:3      | Reached XP level 6. HP: 49/49 MP: 6/6
  2926 | D:3      | Noticed Terence
  2930 | D:3      | Killed Terence
  2985 | D:3      | Found a basalt altar of Yredelemnul.
  3121 | D:4      | Gained mutation: You have hoof-like feet. [demonic ancestry]
  3121 | D:4      | Reached XP level 7. HP: 55/55 MP: 7/7
  3325 | D:4      | Found a sand-covered staircase.
  3345 | Ossuary  | Entered an ossuary
  3551 | Ossuary  | Reached **** piety under Trog
  3551 | Ossuary  | Reached skill level 6 in Polearms
  3609 | Ossuary  | Received a gift from Trog
  4052 | D:4      | Got a scorched whip
  4053 | D:4      | Identified the cursed +2 whip "Sexkesun" {drain, Str+2 Int+3} (You found it on level 4 of the Dungeon)
  4105 | D:4      | Found Simysun's Antique Weapon Shop.
  4152 | D:4      | Bought a glowing halberd for 224 gold pieces
  4497 | D:4      | Reached skill level 5 in Fighting
  4497 | D:4      | Gained mutation: You are slightly more attuned to the shadows. [demonic ancestry]
  4497 | D:4      | Reached XP level 8. HP: 62/62 MP: 8/8
  4929 | D:5      | Entered Level 5 of the Dungeon
  4962 | D:5      | Found a staircase to the Ecumenical Temple.
  4972 | D:5      | Reached skill level 7 in Polearms
  5083 | D:5      | Found an iron altar of Okawaru.
  5479 | D:5      | Found a glowing golden altar of the Shining One.
  5699 | D:6      | Found a hide-covered altar of Uskayaw.
  5699 | D:6      | Found a radiant altar of Vehumet.
  5700 | D:6      | Found a stormy altar of Qazlal.
  5750 | D:6      | Reached skill level 8 in Polearms
  5852 | D:6      | Found a glowing silver altar of Zin.
  5958 | D:6      | Received a gift from Trog
  6282 | D:6      | Noticed a two-headed ogre
  6286 | D:6      | Killed a two-headed ogre
  6286 | D:6      | Reached skill level 9 in Polearms
  6286 | D:6      | Reached skill level 5 in Armour
  6286 | D:6      | Gained mutation: You are significantly more attuned to the shadows. [demonic ancestry]
  6286 | D:6      | Reached XP level 9. HP: 69/69 MP: 9/9
  6718 | D:7      | Found a flagged portal.
  6736 | Bailey   | Entered a bailey
  7241 | Bailey   | Received a gift from Trog
  7529 | Bailey   | Noticed an orc knight
  7538 | Bailey   | Killed an orc knight
  7538 | Bailey   | Reached skill level 10 in Polearms
  7538 | Bailey   | Reached XP level 10. HP: 77/77 MP: 10/10
  7548 | Bailey   | Noticed an orc knight
  7584 | Bailey   | Killed an orc knight
  7853 | Bailey   | Noticed an orc knight
  7898 | Bailey   | Killed an orc knight
  8012 | Bailey   | Noticed an orc knight
  8112 | Bailey   | Killed an orc knight
  8718 | D:7      | Found a sparkling altar of Nemelex Xobeh.
  9249 | D:8      | Noticed a cyclops
  9258 | D:8      | Killed a cyclops
  9258 | D:8      | Reached skill level 11 in Polearms
  9410 | D:8      | Found Qorrah's Serpentskin Sales.
  9791 | D:8      | You fall through a shaft!
  9908 | D:8      | Reached ***** piety under Trog
 10176 | D:9      | Gained mutation: Your flesh is cold resistant. (rC+) [demonic ancestry]
 10176 | D:9      | Reached XP level 11. HP: 86/86 MP: 11/11
 10196 | D:9      | Received a gift from Trog
 10207 | D:9      | Found a staircase to the Orcish Mines.
 10341 | D:9      | Found a blossoming altar of Fedhas.
 10342 | D:9      | Found an ancient bone altar of Kikubaaqudgha.
 10469 | D:9      | Found a shadowy altar of Dithmenos.
 10482 | D:9      | Found a shimmering altar of Xom.
 10488 | D:9      | Noticed a two-headed ogre
 10495 | D:9      | Killed a two-headed ogre
 10846 | Orc:1    | Entered Level 1 of the Orcish Mines
 10918 | Orc:1    | Noticed an orc knight
 10932 | D:9      | HP: 3/86 [orc warrior/glaive of venom (18)]
 10934 | D:9      | Succumbed to an orc warrior's poison

Skill      XL: |  1  2  3  4  5  6  7  8  9 10 |
---------------+-------------------------------+-----
Polearms       | 3 4 5 6 9 10 11 | 11.6
Dodging        | 2 |  2.7
Armour         | 2 3 5 6 8 |  8.1
Fighting       | 4 5 6 8 |  8.2
Slings         | 1 |  1.7
Stealth        | |  0.7

Action                   |  1- 3 |  4- 6 |  7- 9 | 10-12 || total
-------------------------+-------+-------+-------+-------++-------
Melee: Spear             |   130 |   191 |   227 |       ||   548
       Kick              |       |    47 |   114 |    18 ||   179
       Halberd           |       |       |   247 |   201 ||   448
       Glaive            |       |       |       |    11 ||    11
 Fire: Hunting sling     |       |    17 |       |     2 ||    19
Invok: Berserk           |     1 |     6 |     8 |     5 ||    20
       Brothers in Arms  |       |       |     1 |       ||     1
       Trog's Hand       |       |       |       |     4 ||     4
       Burn Spellbooks   |       |       |       |     1 ||     1
  Use: Potion            |     3 |       |     6 |     2 ||    11
       Scroll            |     1 |     1 |    15 |     8 ||    25
 Stab: Sleeping          |     1 |       |       |       ||     1
  Eat: Chunk             |     3 |    10 |     9 |     9 ||    31
       Ration            |       |       |     5 |     2 ||     7
Armor: Animal skin       |    22 |       |       |       ||    22
       Scale mail        |     5 |     7 |       |       ||    12
       Plate armour      |       |    69 |   281 |   103 ||   453
Dodge: Dodged            |    65 |    38 |   154 |    61 ||   318
Block: Other             |       |       |       |    14 ||    14
